 Dungeon Crawl Stone Soup version 0.31.0-12-g77e489cdc1 (webtiles) character file.

Game seed: 1317538876217712999

1339 CaelumVleil the Changeling (level 8, -3/57 HPs)
             Began as an Octopode Shapeshifter on Mar 7, 2024.
             Killed by divine providence
             ... invoked by an orc priest
              (11 damage)
             ... on level 6 of the Dungeon.
             The game lasted 00:10:02 (5736 turns).

CaelumVleil the Changeling (Octopode Shapeshifter)  Turns: 5736, Time: 00:10:03

Health: -3/57      AC:  1    Str: 13    XL:     8   Next: 61%
Magic:  8/8        EV: 18    Int: 12    God:
Gold:   209        SH:  0    Dex: 14    Spells: 7/7 levels left

rFire   . .          .
                       - Unarmed
rCold   . . .        (shield currently unavailable)
rNeg    . . .        (helmet restricted)
rPois   .            (no amulet)
rElec   .            (no ring)
rCorr   .            (no ring)
SInv    .            (no ring)
Will    .....        (no ring)
Stlth   +            (no ring)
HPRegen 0.29/turn    (no ring)
MPRegen 0.11/turn    (no ring)
                     (no ring)

%: no passive effects
@: confused, flux-form, attractive, glowing
A: glow, contaminating, almost no armour, amphibious, 8 rings, camouflage 1,
gelatinous body 1, (nimble swimmer 1), tentacles
a: Begin Untransformation


You were on level 6 of the Dungeon.
You were something dangerously unstable.
You visited 1 branch of the dungeon, and saw 6 of its levels.

You collected 209 gold pieces.


Innate Abilities, Weirdness & Mutations

You are something dangerously unstable.
You glow with magical radiation, making you easy to see and hit.
Foes you strike become dangerously contaminated with magical radiation.
You are incapable of wielding weapons or throwing items.
You cannot wear most types of armour.
You are amphibious.
You can wear up to eight rings at the same time.
Your skin changes colour to match your surroundings (Stealth+).
Your rubbery body absorbs attacks. (AC +1, EV +1)
((You are camouflaged when in or above water. (Stealth+)))
You have tentacles for arms and can constrict up to eight enemies at once.


   Skills:
 + Level 5.8 Fighting
 + Level 3.9 Dodging
 - Level 2.0 Stealth
 + Level 4.1 Unarmed Combat
 - Level 7.0 Shapeshifting


You had 7 spell levels left.
You didn't know any spells.
Your spell library contained the following spells:

 Spells                   Type           Power      Damage    Failure   Level
 Sandblast                Erth           0%         2d4       32%         1
 Cigotuvi's Dreadful Rot  Necr/Alch/Air  0%         N/A       45%         2
 Dazzling Flash           Conj/Hex       0%         N/A       69%         3
 Gell's Gravitas          Tloc           0%         N/A       69%         3
 Mephitic Cloud           Conj/Alch/Air  0%         N/A       69%         3
 Ozocubu's Armour         Ice            0%         N/A       69%         3
 Passwall                 Erth           0%         N/A       69%         3
 Stone Arrow              Conj/Erth      0%         3d7       69%         3
 Teleport Other           Tloc           0%         N/A       69%         3
 Brom's Barrelling Bould  Conj/Erth      0%         2d3       97%         4
 Dispel Undead            Necr           0%         3d6       97%         4
 Martyr's Knell           Necr/Summ      0%         N/A       97%         4
 Curse of Agony           Necr           0%         N/A       100%        5
 Metabolic Englaciation   Hex/Ice        0%         N/A       100%        5
 Silence                  Hex/Air        0%         N/A       100%        5
 Death Channel            Necr           0%         N/A       100%        6
 Dispersal                Tloc           0%         N/A       100%        6
 Sculpt Simulacrum        Ice/Alch       0%         N/A       100%        6

Inventory:

Missiles
 f - a throwing net {=f}
 p - 5 poisoned darts (quivered)
Magical Staves
 n - a staff of earth {!a}
Talismans
 b - a beast talisman
 c - a flux talisman (active)
 i - a maw talisman
Wands
 h - a wand of quicksilver (5)
Scrolls
 e - a scroll of fear
 g - a scroll of noise {unknown}
 j - a scroll of silence {unknown}
 k - a scroll of amnesia
 l - 2 scrolls of teleportation {unknown}
 m - a scroll of poison
 q - a scroll of vulnerability {unknown}
 r - a scroll of immolation {unknown}
Potions
 a - 3 potions of mutation
 d - a potion of attraction
 o - a potion of heal wounds {unknown}

Dungeon Overview and Level Annotations

Branches:
Dungeon (6/15)             Temple (0/1) D:4

Altars:
Kikubaaqudgha
Makhleb
Sif Muna
Wu Jian
Xom
Zin

Shops:
D:1

* #........ #...)...#
##.......# ##.......#
##########..[.....##
##..................# #
##.........§.§.###...#
## ##..........oo.## .
.####......#....p...#
...#......###.......##
.<...................#
#.....................#
#...............###....)
#..............## #.....
...............# .....
................ ...
................


You could see an orc priest (contam) and an orc wizard.


Message History

* * * LOW HITPOINT WARNING * * *
You tentacle-slap the orc warrior but do no damage.
The orc warrior shudders as magic cascades through it!!
The orc warrior twists and deforms.
You squeeze the orc warrior.
The orc warrior is almost dead.
You constrict the orc warrior.
The orc priest mumbles some strange prayers to Beogh against you.
Beogh smites you!
* * * LOW HITPOINT WARNING * * *
The orc warrior hits you with a +0 trident.
* * * LOW HITPOINT WARNING * * *
Unknown command.
You barely miss the orc warrior. You squeeze the orc warrior.
You kill the orc warrior!
Your Unarmed Combat skill increases to level 4!
Unknown command.
You feel attractive to monsters.
The orc wizard points at you and mumbles some strange words.
You are confused.
The orc wizard is attracted toward you. The orc priest is attracted toward you.
You barely miss the orc priest. Your squeeze misses the orc priest.
The orc priest misses you.
The orc wizard hits you with a +0 dagger.
* * * LOW HITPOINT WARNING * * *
Unknown command.
You tentacle-slap the orc priest but do no damage.
The orc priest begins to glow.
Your squeeze misses the orc priest.
The orc priest invokes the aid of Beogh against you.
Beogh smites you!
You die...

Skill      XL: |  1  2  3  4  5  6  7  8 |
---------------+-------------------------+-----
Fighting       | 3 4 5 |  5.8
Stealth        | 2 |  2.0
Shapeshifting  | 4 5 7 |  7.0
Dodging        | 3 |  3.9
Unarmed Combat | 4 |  4.1

Action                     |  1- 3 |  4- 6 |  7- 9 || total
---------------------------+-------+-------+-------++-------
  Melee: Unarmed           |    16 |    90 |   130 ||   236
         Constrict         |     3 |    33 |    34 ||    70
         Tentacles         |     3 |    23 |    39 ||    65
         Punch             |     1 |     6 |     1 ||     8
  Evoke: Wand              |       |     5 |       ||     5
    Use: Scroll            |       |     3 |     2 ||     5
         Potion            |       |     1 |     1 ||     2
   Stab: Sleeping          |     2 |     3 |     1 ||     6
         Distracted        |       |       |     1 ||     1
 Armour: Skin              |     1 |    51 |    62 ||   114
  Dodge: Dodged            |     9 |    51 |    81 ||   141
   Form: Flux              |       |       |     1 ||     1

Levels and vault maps discovered:
D:1:      dpeg_arrival_shelter, layout_basic, ebering_ecumenical_altar_mist,
          serial_shops, nicolae_shop_hallway_stairs
D:2:      layout_basic, basic_altar, nrook_mini_vaults, serial_park_tiny_pond,
          uniq_jessica, uniq_natasha
D:3:      layout_basic, uniq_sigmund
D:4:      layout_cave_pods, xom_teletrap_fun, kennysheep_little_box,
          grunt_temple_overflow_order_and_chaos_2,
          minmay_temple_entry_purple_smoke
D:5:      layout_basic, mainiacjoe_overflow_24_doors, portal_sewer_entry_a,
          uniq_blork_the_orc
D:6:      layout_layer_cave, old_standard_altar, uniq_prince_ribbit1

Notes
Turn   | Place    | Note
-------+----------+-------------------------------------------
     0 | D:1      | CaelumVleil the Octopode Shapeshifter began the quest for
                  | the Orb.
     0 | D:1      | Reached XP level 1. HP: 13/13 MP: 1/1
    36 | D:1      | Found a faded altar of an unknown god.
   311 | D:1      | Found Vumuf's Assorted Antiques.
   533 | D:2      | Noticed Natasha
   538 | D:2      | Noticed a cerulean imp
   538 | D:2      | Killed Natasha
   539 | D:2      | Reached skill level 3 in Fighting
   539 | D:2      | Reached XP level 2. HP: 21/21 MP: 2/2
   539 | D:2      | Reached XP level 3. HP: 26/26 MP: 3/3
   591 | D:2      | Noticed Natasha
   595 | D:2      | Killed Natasha
   596 | D:2      | Reached skill level 1 in Stealth
   653 | D:2      | Noticed Jessica
   660 | D:2      | Killed Jessica
   661 | D:2      | Reached skill level 2 in Stealth
   661 | D:2      | Reached XP level 4. HP: 33/33 MP: 4/4
   762 | D:2      | Found an ancient bone altar of Kikubaaqudgha.
   852 | D:2      | Reached skill level 4 in Fighting
   853 | D:2      | You fall into a shaft and drop 1 floor!
   895 | D:3      | Reached XP level 5. HP: 36/38 MP: 5/5
  1164 | D:2      | Noticed Natasha
  1170 | D:2      | Killed Natasha
  1238 | D:3      | Noticed Sigmund
  1241 | D:3      | Killed Sigmund
  1242 | D:3      | Reached skill level 5 in Fighting
  1242 | D:3      | Reached skill level 4 in Shapeshifting
  1242 | D:3      | Reached XP level 6. HP: 45/45 MP: 6/6
  1419 | D:3      | HP: 3/45 [gnoll/+0 spear (5)]
  2388 | D:4      | Found a shimmering altar of Xom.
  2564 | D:4      | Reached skill level 5 in Shapeshifting
  3202 | D:4      | Reached XP level 7. HP: 50/50 MP: 7/7
  3455 | D:4      | Found a burning altar of Makhleb.
  3461 | D:4      | Found a glowing silver altar of Zin.
  3461 | D:4      | Noticed an angel
  3461 | D:4      | Noticed a blizzard demon
  3588 | D:4      | Found an ornate altar of the Wu Jian Council.
  3597 | D:4      | Found a staircase to the Ecumenical Temple.
  3866 | D:5      | Entered Level 5 of the Dungeon
  3879 | D:5      | Reached skill level 6 in Shapeshifting
  3905 | D:5      | Found a shimmering blue altar of Sif Muna.
  4388 | D:5      | Noticed Blork the orc
  4395 | D:5      | Killed Blork the orc
  4396 | D:5      | Reached skill level 7 in Shapeshifting
  4396 | D:5      | Reached XP level 8. HP: 52/55 MP: 8/8
  4510 | D:5      | Reached skill level 3 in Dodging
  5734 | D:6      | Reached skill level 4 in Unarmed Combat
  5736 | D:6      | Killed from afar by an orc priest

Vanquished Creatures
  Sigmund (D:3)
  An orc warrior (D:6)
  A black bear (D:6)
  A centaur (D:4)
  A phantom (D:5)
  Blork the orc (D:5)
  2 scorpions (D:5)
  A howler monkey (D:5)
  2 hounds (D:5)
  4 orc priests (D:5)
  2 sleepcaps
  Jessica (D:2)
  Natasha (thrice) (D:2)
  2 orc wizards
  10 gnolls
  A river rat (D:5)
  4 adders
  A shadow imp (D:6)
  A white imp (D:5)
  5 dart slugs
  A ribbon worm (D:5)
  18 orcs
  3 bats
  3 endoplasms
  4 giant cockroaches
  A goblin (D:1)
  2 hobgoblins (D:4)
  3 jackals (D:3)
  4 kobolds
  A quokka (D:3)
  6 ball pythons
  2 rats
93 creatures vanquished.

Table legend: (Time is in decaauts)
 A = Elapsed time spent in this place.
 B = Non-inter-level travel time spent in this place.
 C = Inter-level travel time spent in this place.
 D = Time resting spent in this place.
 E = Time spent auto-exploring this place.
 F = Levels seen in this place.
 G = Mean time per level.
                   A        B        C        D        E       F      G
               +--------+--------+--------+--------+--------+-----+--------+
         Total |   5734 |   5531 |    203 |   1449 |   3271 |   6 |  955.7 |
       Dungeon |   5734 |   5531 |    203 |   1449 |   3271 |   6 |  955.7 |
               +--------+--------+--------+--------+--------+-----+--------+

Top non-repeatable levels by time:
     D:5: 1689 daAuts
     D:4: 1485 daAuts
     D:3: 1337 daAuts
     D:1: 532 daAuts
     D:2: 512 daAuts
     D:6: 177 daAuts

Table legend:
 A = Non-vault XP
 B = Vault XP
 C = Vault XP percentage of total XP
 D = Non-vault monster count
 E = Vault monster count
 F = Vault count percentage of total count
                 A         B        C        D         E       F
            +---------+---------+-------+---------+---------+-------
      Total |    1513 |     401 |  21.0 |      85 |       8 |   8.6
            +---------+---------+-------+---------+---------+-------
        D:1 |       7 |       0 |   0.0 |       4 |       0 |   0.0
        D:2 |     114 |      73 |  39.0 |      11 |       2 |  15.4
        D:3 |     128 |     214 |  62.6 |      25 |       1 |   3.8
        D:4 |     283 |       0 |   0.0 |      20 |       0 |   0.0
        D:5 |     705 |     114 |  13.9 |      22 |       5 |  18.5
        D:6 |     276 |       0 |   0.0 |       3 |       0 |   0.0
            +---------+---------+-------+---------+---------+-------
